 Dungeon Crawl Stone Soup version 0.27.1-33-g824d729ab1 (webtiles) character file.

Game seed: 11461076526760850018

1828 alasdair19 the Slasher (level 8, -4/69 HPs)
             Began as a Minotaur Fighter on Dec 9, 2021.
             Engulfed by a cloud of flame (11 damage)
             ... on level 6 of the Dungeon.
             The game lasted 00:13:18 (6198 turns).

alasdair19 the Slasher (Minotaur Fighter)           Turns: 6198, Time: 00:13:19

Health: -4/69      AC: 12    Str: 21    XL:     8   Next: 86%
Magic:  7/7        EV:  7    Int:  6    God:
Gold:   239        SH:  0    Dex: 17    Spells: 7/7 levels left

rFire    . . .     SeeInvis .   a - +1 long sword
rCold    . . .     Faith    .   c - +1 kite shield
rNeg     . . .     Spirit   .   w - +0 chain mail {Will+}
rPois    +         Reflect  .   (helmet restricted)
rElec    .         Harm     .   (no cloak)
rCorr    .         Rampage  .   (no gloves)
Will     +....                  v - +0 pair of boots
Stlth    ..........             (no amulet)
HPRegen  0.21/turn              i - ring of poison resistance
MPRegen  0.10/turn              g - +6 ring of dexterity

@: confused, ambrosia-drunk
A: horns 2, retaliatory headbutt
a: no special abilities


You were on level 6 of the Dungeon.
You visited 2 branches of the dungeon, and saw 7 of its levels.

You collected 239 gold pieces.

Inventory:

Hand Weapons
 a - a +1 long sword (weapon)
 j - a +2 rapier of protection
Missiles
 q - 14 poisoned darts (quivered)
Armour
 b - a +0 scale mail
 c - a +1 kite shield (worn)
 r - a +0 chain mail
 v - a +0 pair of boots (worn)
 w - a +0 chain mail of willpower (worn)
Jewellery
 g - a +6 ring of dexterity (right hand)
 i - a ring of poison resistance (left hand)
Wands
 m - a wand of polymorph (6)
 s - a wand of acid (11)
Scrolls
 d - a scroll of fear {unknown}
 e - 2 scrolls of fog
 f - 2 scrolls of enchant armour
 k - a scroll of brand weapon {unknown}
 l - a scroll of enchant weapon
 n - a scroll of vulnerability {unknown}
 p - a scroll of summoning {unknown}
Potions
 t - 3 potions of flight {unknown}
 u - a potion of lignification {unknown}


   Skills:
 + Level 5.4 Fighting
 + Level 7.6 Long Blades
 * Level 3.5 Throwing
 + Level 7.5 Armour
 - Level 1.6 Dodging
 - Level 0.2 Stealth
 + Level 6.4 Shields
 * Level 3.2 Evocations


You had 7 spell levels left.
You didn't know any spells.
Your spell library contained the following spells:

 Spells                   Type           Power      Damage    Failure   Level
 Beastly Appendage        Tmut           0%         N/A       100%        1
 Slow                     Hex            0%         N/A       100%        2
 Sublimation of Blood     Necr           0%         N/A       100%        2
 Wereblood                Tmut           0%         N/A       100%        2
 Confusing Touch          Hex            0%         N/A       100%        3
 Spider Form              Tmut/Pois      0%         N/A       100%        3
 Vampiric Draining        Necr           0%         2d6       100%        3
 Petrify                  Tmut/Erth      0%         N/A       100%        4
 Irradiate                Conj/Tmut      0%         3d14      100%        5
 Yara's Violent Unravell  Hex/Tmut       0%         3d3       100%        5
 Summon Hydra             Summ           0%         N/A       100%        7


Dungeon Overview and Level Annotations

Branches:
Dungeon (6/15)             Temple (1/1) D:6

Altars:
Ashenzari
Cheibriados
Dithmenos
Fedhas
Gozag
Kikubaaqudgha
Makhleb
Nemelex Xobeh
Qazlal
Ru
Trog
Uskayaw
Vehumet
Wu Jian
Xom
Yredelemnul
Zin
The Shining One

Annotations:
D:6 Grinder


Innate Abilities, Weirdness & Mutations

You have a pair of horns on your head.
You reflexively headbutt those who attack you in melee.


Message History

Grinder blinks!
You closely miss Grinder. Your headbutt misses Grinder.
Grinder gestures at you.
You suddenly lose the ability to move!
The ice beast hits you but does no damage.
Grinder hits you but does no damage.
The ice beast hits you but does no damage.
Grinder gestures at you. You resist with some effort. The ice beast hits you.
The ice beast freezes you! Grinder hits you.
You writhe in agony.
The ice beast hits you but does no damage.
The ogre hits you with a +0 giant club!!
Grinder blinks!
The ice beast hits you but does no damage.
You can move again.
As you read the scroll labelled KUINICALUS, it crumbles to dust.
The creatures around you are filled with an inner flame!
It was a scroll of immolation.
The ogre barely misses you. You furiously retaliate!
You headbutt the ogre!
Flame seeps out of the ogre.
The ice beast hits you but does no damage.
Found a stone staircase leading down.
The ogre is engulfed in blazing flames.
The ogre explodes!
The fiery explosion engulfs the ice beast!!!
The ice beast melts!
The ice beast explodes!
The fiery explosion engulfs you!
* * * LOW HITPOINT WARNING * * *
It was a potion of ambrosia.
You are confused.
You feel invigorated. Grinder hits you but does no damage.
Found a grey potion.
You hit Grinder but do no damage. Your headbutt misses Grinder.
Grinder hits you but does no damage. Grinder hits you.
You writhe in agony.
You are engulfed in blazing flames.
* * * LOW HITPOINT WARNING * * *
Grinder barely misses you.
You are engulfed in blazing flames.
You die...

..... #$.>..............#.
......#...#.............#.
#....#...##......###...##
#...#...##......##....##
..##...............#..###
!.........#.....#.#####
.........5......#..####
...#...○§○............# .
#..#☼○@§...###.....#
....##○○)○...# ##...##
.#.....§°°.....##.#.# .
##........#..#######
##......##.## #......####
#.......# ..........
..##......


You could see Grinder (inner flame).

Vanquished Creatures
  Prince Ribbit (D:5)
  A vampire (D:5)
  A water moccasin (D:5)
  2 ice beasts
  3 ogres
  2 centaurs
  2 scorpions
  A wyvern skeleton (D:6)
  2 water moccasin skeletons
  A bullfrog zombie (D:6)
  A centaur zombie (D:5)
  3 hounds
  A jelly (D:6)
  A bullfrog skeleton (D:4)
  A centaur skeleton (D:6)
  An iguana (D:6)
  An orc wizard (D:3)
  A killer bee zombie (D:6)
  A hound skeleton (D:4)
  7 adders
  4 gnolls
  A worm (D:3)
  2 dart slugs (D:3)
  11 orcs
  10 ball pythons
  7 bats
  4 endoplasms
  3 giant cockroaches
  6 goblins
  8 hobgoblins
  A jackal (D:3)
  9 kobolds
  5 quokkas
  7 frilled lizards
  5 rats
117 creatures vanquished.

Notes
Turn   | Place    | Note
-------+----------+-------------------------------------------
     0 | D:1      | alasdair19 the Minotaur Fighter began the quest for the
                  | Orb.
     0 | D:1      | Reached XP level 1. HP: 19/19 MP: 0/0
    85 | D:1      | Reached XP level 2. HP: 17/27 MP: 1/1
   301 | D:1      | Found a faded altar of an unknown god.
   731 | D:2      | Reached XP level 3. HP: 29/33 MP: 2/2
  1726 | D:2      | Reached XP level 4. HP: 40/40 MP: 3/3
  1880 | D:2      | Noticed a scorpion
  1886 | D:2      | Killed a scorpion
  1887 | D:2      | Reached skill level 5 in Armour
  2092 | D:3      | Reached XP level 5. HP: 46/46 MP: 4/4
  2278 | D:3      | Reached skill level 1 in Dodging
  3016 | D:3      | Reached XP level 6. HP: 36/53 MP: 5/5
  3424 | D:4      | Noticed an ice beast
  3434 | D:4      | Killed an ice beast
  3435 | D:4      | Reached skill level 5 in Long Blades
  3435 | D:4      | Reached skill level 5 in Shields
  3671 | D:4      | Found an opulent altar of Gozag.
  4107 | D:5      | Entered Level 5 of the Dungeon
  4316 | D:5      | Noticed Prince Ribbit
  4330 | D:5      | Killed Prince Ribbit
  4331 | D:5      | Reached skill level 1 in Throwing
  4331 | D:5      | Reached skill level 1 in Evocations
  4331 | D:5      | Reached XP level 7. HP: 46/60 MP: 6/6
  4861 | D:5      | Found a snail-covered altar of Cheibriados.
  4936 | D:5      | Reached XP level 8. HP: 58/67 MP: 7/7
  5010 | D:5      | Reached skill level 5 in Fighting
  5487 | D:6      | Found a staircase to the Ecumenical Temple.
  5500 | Temple   | Entered the Ecumenical Temple
  6178 | D:6      | Noticed Grinder
  6183 | D:6      | Paralysed by Grinder for 5 turns
  6197 | D:6      | HP: 3/69 [cloud of flame (23)]
  6198 | D:6      | Engulfed by a cloud of flame

Illustrated notes

Levels and vault maps discovered:
D:1:      lightli_arrival_windingriver, layout_rooms,
          shapermc_ecumenical_altar_pompeii
D:2:      layout_loops_ring, minmay_octomino_e4
D:3:      minmay_spotlight, layout_basic, kennysheep_minor_cross
D:4:      layout_basic, grunt_gozag_statues
D:5:      layout_loops_ring, mainiacjoe_overflow_chevrons, uniq_prince_ribbit1
D:6:      layout_cave_pools, minmay_temple_entry_glass,
          kennysheep_generic_room_7, uniq_grinder
Temple:   nicolae_temple_x_marks_the_god

Skill      XL: |  1  2  3  4  5  6  7  8 |
---------------+-------------------------+-----
Fighting       | 4 5 |  5.4
Armour         | 4 5 6 7 |  7.5
Shields        | 4 5 6 |  6.4
Long Blades    | 3 4 5 6 7 |  7.6
Dodging        | 1 |  1.6
Throwing       | 1 2 3 |  3.5
Evocations     | 1 2 3 |  3.2
Stealth        | |  0.2

Action                   |  1- 3 |  4- 6 |  7- 9 || total
-------------------------+-------+-------+-------++-------
Melee: Long sword        |    95 |   114 |    89 ||   298
       Headbutt          |    10 |    18 |    32 ||    60
Throw: Dart              |       |     8 |     5 ||    13
       Throwing net      |       |       |     1 ||     1
  Use: Scroll            |     5 |     2 |     1 ||     8
       Potion            |     1 |       |     3 ||     4
Armor: Scale mail        |    63 |    41 |       ||   104
       Chain mail        |       |    10 |    54 ||    64
Dodge: Dodged            |    37 |    41 |    24 ||   102
Block: Kite shield       |    70 |    62 |    59 ||   191
       Rpst.: Long sword |     8 |     7 |     4 ||    19
